 Dungeon Crawl Stone Soup version 0.26-a0-851-g735459dd53 (webtiles) character file.

Game seed: 15998416869698973221

1646 EnegeticOcto the Tainter (level 8, 35/54 HPs)
             Began as a Vampire Venom Mage on Nov 19, 2020.
             Was an Initiate of Qazlal.
             Quit the game on level 6 of the Dungeon on Nov 21, 2020.
             The game lasted 00:12:46 (6615 turns).

EnegeticOcto the Tainter (Vampire Venom Mage)       Turns: 6615, Time: 00:12:47

Health: 35/54      AC:  8    Str:  9    XL:     8   Next: 67%
Magic:  21/21      EV: 13    Int: 17    God:    Qazlal [......]
Gold:   323        SH:  0    Dex: 18    Spells: 10/13 levels left

rFire    . . .     SeeInvis +   l - +2 hunting sling
rCold    + . .     Faith    .   (no shield)
rNeg     . . .     Spirit   .   a - +0 robe
rPois    +         Reflect  .   f - +1 helmet
rElec    .         Harm     .   q - +0 cloak
rCorr    +         Rampage  .   y - +2 pair of gloves "Reiranay" {rPois rCorr MP+9 Dex+3}
MR       .....                  (no boots)
Stlth    +++.......             (no amulet)
HPRegen  0.38/turn              i - ring of protection from cold
MPRegen  0.17/turn              (no ring)

@: regenerating quickly, lightly drained
A: fangs 3, see invisible, unbreathing
a: Exsanguinate, Renounce Religion


You were on level 6 of the Dungeon.
You worshipped Qazlal.
Qazlal was noncommittal.
You visited 1 branch of the dungeon, and saw 6 of its levels.

You collected 323 gold pieces.

Inventory:

Hand Weapons
 c - a +0 short sword
   (You took it off a kobold on level 1 of the Dungeon)
 l - a +2 hunting sling (weapon)
   (You took it off a goblin on level 2 of the Dungeon)
Missiles
 b - 109 stones (quivered)
Armour
 a - a +0 robe (worn)
 f - a +1 helmet (worn)
   (You found it on level 1 of the Dungeon)
 q - a +0 cloak (worn)
   (You found it on level 2 of the Dungeon)
 u - a scarf of resistance
   (You found it on level 4 of the Dungeon)
 y - the +2 pair of gloves "Reiranay" (worn) {rPois rCorr MP+9 Dex+3}
   (You found it on level 5 of the Dungeon)

   It affects your dexterity (+3).
   It protects you from poison.
   It affects your magic capacity (+9).
   It provides partial protection from all sources of acid and corrosion.
Jewellery
 i - a ring of protection from cold (left hand)
   (You found it on level 1 of the Dungeon)
 o - an uncursed ring of ice
   (You found it on level 2 of the Dungeon)
Wands
 x - a wand of paralysis (7)
   (You took it off an orc warrior on level 6 of the Dungeon)
Scrolls
 h - a scroll of immolation {unknown}
 k - 5 scrolls of teleportation {@r3 !r}
 m - a scroll of noise {unknown}
 n - 3 scrolls of remove curse {unknown}
 p - 2 scrolls of amnesia {unknown}
 s - a scroll of magic mapping {unknown}
 v - a scroll of fog {unknown}
Potions
 d - 5 potions of heal wounds {@q2 !q}
 e - 4 potions of curing {@q1 !q}
 g - a potion of haste {unknown}
 j - 3 potions of lignification {@q6}
 r - 2 potions of degeneration {unknown}
 t - a potion of attraction {unknown}
 w - 3 potions of brilliance
 z - a potion of resistance {unknown}


   Skills:
 - Level 1.0(0.8) Fighting
 + Level 2.3(2.1) Dodging
 - Level 5.0(4.8) Stealth
 - Level 3.0(2.8) Spellcasting
 - Level 2.0(1.8) Transmutations
 - Level 6.0(5.8) Air Magic
 - Level 8.0(7.8) Poison Magic


You had 10 spell levels left.
You knew the following spells:

 Your Spells              Type           Power        Failure   Level
a - Sting                 Tmut/Pois      ###.         2%          1
b - Poisonous Vapours     Pois/Air       ####..       1%          2

Your spell library contained the following spells:

 Spells                   Type           Power        Failure   Level
 Olgreb's Toxic Radiance  Pois           ####....     7%          4
 Mephitic Cloud           Conj/Pois/Air  ###.....     9%          3
 Ignite Poison            Fire/Tmut/Pois ##......     14%         3
 Magic Dart               Conj           #...         19%         1
 Searing Ray              Conj           #.....       26%         2
 Confusing Touch          Hex            #.......     47%         3
 Dazzling Flash           Conj/Hex       #.....       47%         3
 Gell's Gravitas          Tloc           #.........   47%         3
 Petrify                  Tmut/Erth      #.......     77%         4
 Fulminant Prism          Conj/Hex       #.........   87%         4
 Iskenderun's Mystic Bla  Conj/Tloc      #.......     87%         4
 Yara's Violent Unravell  Hex/Tmut       #.........   98%         5
 Metabolic Englaciation   Hex/Ice        #.........   99%         5


Dungeon Overview and Level Annotations

Branches:
Dungeon (6/15)
 Temple: D:4-7

Altars:
Ashenzari
Dithmenos
Fedhas
Gozag
Hepliaklqana
Okawaru
Qazlal
Vehumet
Wu Jian
Zin

Annotations:
D:3 2 transporters, Kinoniko's ghost, weakling DsFi
D:5 1 runed translucent door, stillor's ghost, novice OpTm
D:6 Grinder


Innate Abilities, Weirdness & Mutations

Your natural rate of healing is unusually fast.
You have razor-sharp teeth.
You have supernaturally acute eyesight. (SInv)
You can survive without breathing.


Message History

b - 112 stones (gained 3)
b - 113 stones (gained 1)
b - 114 stones (gained 1)
You see here a +0 glaive.
b - 116 stones (gained 2)
You see here a +0 hand axe.
b - 118 stones (gained 2)
You see here a +0 hand axe.
b - 119 stones (gained 1)
b - 120 stones (gained 1)
You now have 323 gold pieces (gained 5).
Found a hazy altar of Hepliaklqana.
A bullfrog comes into view.
A bullfrog is nearby!
You shoot a stone. The stone hits the bullfrog.
The bullfrog gives a loud, deep croak!
The bullfrog is lightly wounded.
You shoot a stone. The stone hits the bullfrog.
The bullfrog is moderately wounded.
You shoot a stone. The stone hits the bullfrog.
The bullfrog is moderately wounded.
The bullfrog hits you.
You shoot a stone. The stone hits the bullfrog.
The bullfrog is heavily wounded.
The bullfrog hits you.
The bullfrog hits you but does no damage.
Casting: Poisonous Vapours (safe; 1% risk of failure)
Confirm with . or Enter, or press ? or * to list all spells.
Aiming: Poisonous Vapours (safe; 1% risk of failure)
Press: ? - help, Dir - move target cursor, f/p - bullfrog
Aim: a bullfrog (heavily wounded) Poisonous vapours surround the bullfrog!
The bullfrog is engulfed in poison gas.
The bullfrog is poisoned.
The bullfrog hits you.
The bullfrog is engulfed in poison gas.
The bullfrog looks even sicker.
The bullfrog hits you but does no damage.
You shoot a stone. The stone closely misses the bullfrog.
The bullfrog is engulfed in poison gas.
The bullfrog looks even sicker.
The bullfrog hits you but does no damage.
The bullfrog is engulfed in poison gas.
The bullfrog looks as sick as possible!
You kill the bullfrog!
Qazlal accepts your kill.
No target in view!
b - 116 stones (gained 1)
b - 117 stones (gained 1)
b - 118 stones (gained 1)
Found a trident.
Found a club.
b - 119 stones (gained 1)
You see here a trident.
You see here a club.
A wight comes into view.
It is wielding a +0 long sword of electrocution.
A wight is nearby!
You shoot a stone. The stone hits the wight.
The wight is moderately damaged.
An orc comes into view. It is wielding a +0 hand axe.
You shoot a stone. The orc shouts!
The stone hits the wight.
The wight is heavily damaged.
You shoot a stone. The stone closely misses the wight.
The stone hits the orc.
The orc is almost dead.
You shoot a stone. The stone closely misses the wight.
You shoot a stone.
The stone hits the wight but does no damage.
The wight is heavily damaged.
You shoot a stone. The stone closely misses the wight.
The wight hits you with a +0 long sword of electrocution.
You feel drained.
You are electrocuted!
You are too injured to fight recklessly!
You are too injured to fight recklessly!
Firing (i - inventory)
b - 113 stones (quivered)
Press: ? - help, Shift-Dir - straight line, f/p - wight
Aim: a wight, wielding a +0 long sword of electrocution and wearing a +0 robe (heavily damaged)
You shoot a stone. The stone hits the wight.
The wight is severely damaged.
The wight hits you but does no damage.
Firing (i - inventory)
b - 112 stones (quivered)
Press: ? - help, Shift-Dir - straight line, f/p - wight
Aim: a wight, wielding a +0 long sword of electrocution and wearing a +0 robe (severely damaged)
You shoot a stone. The stone hits the wight.
The wight is severely damaged.
The wight hits you but does no damage.
Firing (i - inventory)
b - 111 stones (quivered)
Press: ? - help, Shift-Dir - straight line, f/p - wight
Aim: a wight, wielding a +0 long sword of electrocution and wearing a +0 robe (severely damaged)
You shoot a stone. The stone hits the wight.
You destroy the wight!
Qazlal accepts your kill.
Base training target 8.0 for Poison Magic reached!
Your base Poison Magic skill increases to level 8!
You need to enable at least one skill for training.
Firing (i - inventory)
b - 110 stones (quivered)
Press: ? - help, Shift-Dir - straight line, f - orc
Aim: an orc, wielding a +0 hand axe (almost dead)
You shoot a stone. The stone hits the orc.
You kill the orc!
Qazlal accepts your kill.
Unknown command.
Are you sure you want to abandon this character and quit the game? (Confirm with "yes".)

#
#......#
#....
#####..#
...#
##.#
##.# #.#
##.#
#).#
#.## #
#)# #
#@# #
##)# #
#.(# ##.
##.##
... #..#
##. #.##
#.# ((#
##. #.##


There were no monsters in sight!

Vanquished Creatures
  Sigmund (D:4)
  An orc warrior (D:6)
  Purgy (D:4)
  4 ogres
  A phantom (D:4)
  A necrophage (D:6)
  A bullfrog (D:6)
  Blork the orc (D:6)
  2 scorpions (D:6)
  A wight (D:6)
  A howler monkey (D:5)
  3 orc priests
  An orc wizard (D:6)
  2 iguanas
  3 worker ants
  A hound zombie (D:5)
  A worker ant zombie (D:5)
  4 adders
  4 gnolls
  2 shadow imps
  An ooze (D:1)
  An adder skeleton (D:4)
  4 worms
  3 dart slugs
  2 leopard geckos
  13 orcs
  A ball python (D:1)
  3 giant cockroaches
  7 goblins
  10 hobgoblins
  10 jackals
  9 kobolds
  6 quokkas
  6 bats
  6 frilled lizards
  7 rats
125 creatures vanquished.

Notes
Turn   | Place    | Note
-------+----------+-------------------------------------------
     0 | D:1      | EnegeticOcto the Vampire Venom Mage began the quest for the
                  | Orb.
     0 | D:1      | Reached XP level 1. HP: 13/13 MP: 3/3
   322 | D:1      | Reached XP level 2. HP: 9/19 MP: 0/5
   442 | D:1      | Learned a level 2 spell: Poisonous Vapours
   485 | D:1      | Reached skill level 4 in Stealth
   485 | D:1      | Reached skill level 2 in Transmutations
   721 | D:1      | Reached skill level 1 in Air Magic
   721 | D:1      | Reached XP level 3. HP: 24/24 MP: 0/6
   938 | D:1      | Reached skill level 2 in Air Magic
  1631 | D:2      | Reached XP level 4. HP: 30/30 MP: 2/7
  1709 | D:2      | Reached skill level 3 in Air Magic
  2029 | D:2      | Reached skill level 3 in Poison Magic
  2620 | D:3      | Found a transporter.
  2622 | D:3      | Noticed Kinoniko's ghost (weakling DsFi)
  2633 | D:3      | Reached XP level 5. HP: 34/35 MP: 3/8
  2706 | D:3      | Found a broken altar of Ashenzari.
  2917 | D:3      | Reached skill level 4 in Air Magic
  3347 | D:3      | Found a transporter.
  3541 | D:4      | Noticed Purgy
  3560 | D:4      | Killed Purgy
  3561 | D:4      | Reached skill level 5 in Stealth
  3561 | D:4      | Reached skill level 3 in Spellcasting
  3561 | D:4      | Reached XP level 6. HP: 11/41 MP: 0/10
  3827 | D:4      | Reached skill level 4 in Poison Magic
  3852 | D:4      | Upgraded the game from 0.26-a0-845-gfacbca91cf to
                  | 0.26-a0-849-gf1512cd430
  4065 | D:4      | Noticed Sigmund
  4074 | D:4      | Killed Sigmund
  4075 | D:4      | Reached skill level 5 in Poison Magic
  4075 | D:4      | Reached XP level 7. HP: 46/46 MP: 1/11
  4326 | D:4      | Reached skill level 5 in Air Magic
  4949 | D:5      | Entered Level 5 of the Dungeon
  5045 | D:5      | Found an opulent altar of Gozag.
  5408 | D:5      | Reached skill level 6 in Air Magic
  5512 | D:5      | Reached skill level 1 in Fighting
  5673 | D:5      | Got a pair of smoking gloves
  5678 | D:5      | Identified the +2 pair of gloves "Reiranay" {rPois rCorr
                  | MP+9 Dex+3} (You found it on level 5 of the Dungeon)
  5746 | D:5      | Found a runed translucent door.
  5757 | D:5      | Noticed stillor's ghost (novice OpTm)
  5871 | D:6      | Reached XP level 8. HP: 44/54 MP: 12/12
  5927 | D:6      | Noticed Grinder
  6005 | D:6      | Reached skill level 6 in Poison Magic
  6217 | D:6      | Found a stormy altar of Qazlal.
  6243 | D:6      | Noticed Blork the orc
  6263 | D:6      | Reached skill level 7 in Poison Magic
  6264 | D:6      | Killed Blork the orc
  6388 | D:6      | Found an iron altar of Okawaru.
  6390 | D:6      | Found a shadowy altar of Dithmenos.
  6390 | D:6      | Found a blossoming altar of Fedhas.
  6390 | D:6      | Found a glowing silver altar of Zin.
  6392 | D:6      | Found a radiant altar of Vehumet.
  6394 | D:6      | Found an ornate altar of the Wu Jian Council.
  6399 | D:6      | Upgraded the game from 0.26-a0-849-gf1512cd430 to
                  | 0.26-a0-851-g735459dd53
  6405 | D:6      | Became a worshipper of Qazlal Stormbringer
  6540 | D:6      | Found a hazy altar of Hepliaklqana.
  6614 | D:6      | Reached skill level 8 in Poison Magic
  6615 | D:6      | Quit the game

Illustrated notes

Levels and vault maps discovered:
D:1:      lemuel_arrival_cross, layout_basic
D:2:      layout_loops_ring, minmay_misc_feat_more_columns
D:3:      layout_loops_ring, nicolae_ashenzari_panopticon,
          gammafunk_ghost_stat_death, st_stairs_7
D:4:      layout_basic, grunt_ministairs_2, uniq_sigmund, uniq_purgy
D:5:      layout_basic, overflow_temple_1_default, ebering_ghost_reflecting_pool
D:6:      layout_rooms, minitemple, basic_altar, serial_shops,
          nicolae_shop_behind_doors, uniq_grinder, uniq_eustachio,
          uniq_blork_the_orc

Skill      XL: |  1  2  3  4  5  6  7  8 |
---------------+-------------------------+-----
Stealth        | 4 5 |  5.0
Transmutations | 2 |  2.0
Air Magic      | 1 2 3 4 6 |  6.0
Poison Magic   | 3 5 8 |  8.0
Spellcasting   | 3 |  3.0
Fighting       | 1 |  1.0
Dodging        | |  2.3

Action                   |  1- 3 |  4- 6 |  7- 9 || total
-------------------------+-------+-------+-------++-------
Melee: Short sword       |     9 |       |       ||     9
       Bite              |     3 |       |       ||     3
 Fire: Hunting sling     |    19 |   168 |   113 ||   300
Throw: Stone             |    16 |       |       ||    16
 Cast: Sting             |    31 |    10 |    12 ||    53
       Poisonous Vapours |    25 |    40 |    53 ||   118
  Use: Scroll            |       |     3 |     4 ||     7
Armor: Robe              |     4 |    21 |    16 ||    41
Dodge: Dodged            |    24 |    48 |    44 ||   116

Table legend: (Time is in decaauts)
 A = Elapsed time spent in this place.
 B = Non-inter-level travel time spent in this place.
 C = Inter-level travel time spent in this place.
 D = Time resting spent in this place.
 E = Time spent auto-exploring this place.
 F = Levels seen in this place.
 G = Mean time per level.
                   A        B        C        D        E       F      G
               +--------+--------+--------+--------+--------+-----+--------+
         Total |   6673 |   6491 |    182 |     18 |   5392 |   6 | 1112.2 |
       Dungeon |   6673 |   6491 |    182 |     18 |   5392 |   6 | 1112.2 |
               +--------+--------+--------+--------+--------+-----+--------+

Top non-repeatable levels by time:
     D:2: 1430 daAuts
     D:4: 1419 daAuts
     D:1: 1197 daAuts
     D:3: 939 daAuts
     D:5: 918 daAuts
     D:6: 769 daAuts
